 Dungeon Sprint DCSS version 0.27-a0-869-g165b36e3f0 (webtiles) character file.

Game seed: 10135447815241274427

60 howech the Firebug (level 4, -2/34 HPs)
             Began as a Gnoll Fire Elementalist on Apr 2, 2021.
             Was a Believer of Okawaru.
             Slain by a jumping spider (10 damage)
             ... in the Dungeon (Sprint V: "Ziggurat Sprint").
             The game lasted 00:01:21 (162 turns).

howech the Firebug (Gnoll Fire Elementalist)         Turns: 162, Time: 00:01:21

Health: -2/34      AC: 13    Str:  7    XL:     4   Next: 6%
Magic:  7/11       EV: -1    Int: 15    God:    Okawaru [**....]
Gold:   0          SH:  0    Dex: 25    Spells: 13/14 levels left

rFire    + + .     SeeInvis .   a - +7 Singing Sword {vorpal, sonic wave}
rCold    x . .     Faith    .   D - +18 shield of the Gong {rElec rN+ Will+ EV-5}
rNeg     + . .     Spirit   .   b - +5 fire dragon scales
rPois    .         Reflect  .   (no helmet)
rElec    +         Harm     .   (no cloak)
rCorr    .         Rampage  .   (no gloves)
Will     +....     NoTele   +   (no boots)
Stlth    ++........             (no amulet)
HPRegen  0.11/turn              w - +6 ring of dexterity
MPRegen  0.12/turn              x - +6 ring of dexterity

@: held
A: fangs 1, strong nose, distributed training
a: Renounce Religion, Heroism


You were in the Dungeon.
You worshipped Okawaru.
Okawaru was pleased with you.
You visited 1 branch

Inventory:

Hand Weapons
 a - the +7 Singing Sword (weapon) {vorpal, sonic wave}
   (You found it in the Dungeon)

   It inflicts extra damage upon your enemies.
Armour
 b - +5 fire dragon scales (worn)
 D - the +18 shield of the Gong (worn) {rElec rN+ Will+ EV-5}
   (You found it in the Dungeon)

   It affects your evasion (-5).
   It insulates you from electricity.
   It protects you from negative energy.
   It increases your willpower.
Jewellery
 v - a ring of flight
 w - a +6 ring of dexterity (left hand)
 x - a +6 ring of dexterity (right hand)
 y - a +6 ring of intelligence
 z - a +6 ring of intelligence
 A - a +6 ring of strength
 B - a +6 ring of strength
Wands
 s - a wand of mindburst (7)
 t - a wand of iceblast (7)
 u - a wand of acid (7)
Scrolls
 h - 4 scrolls of blinking
 n - 4 scrolls of amnesia
 o - 7 scrolls of fog
 p - a scroll of holy word
 q - 5 scrolls of identify
 r - 2 scrolls of fear
Potions
 c - 10 potions of curing
 d - 10 potions of heal wounds
 e - 6 potions of haste
 f - 7 potions of magic
 g - 3 potions of berserk rage
 i - 2 potions of brilliance
 j - a potion of invisibility
 k - 4 potions of resistance
 l - a potion of experience
 m - 5 potions of might
Miscellaneous
 C - a lightning rod (4/4)


   Skills:
 + Level 2.3 Fighting
 + Level 2.3 Short Blades
 + Level 2.3 Long Blades
 + Level 2.3 Axes
 + Level 2.3 Maces & Flails
 + Level 2.3 Polearms
 + Level 2.3 Staves
 + Level 2.3 Slings
 + Level 2.3 Bows
 + Level 2.3 Crossbows
 + Level 2.3 Throwing
 + Level 2.3 Armour
 + Level 5.2 Dodging
 + Level 4.8 Stealth
 + Level 2.3 Shields
 + Level 2.3 Unarmed Combat
 + Level 5.5 Spellcasting
 + Level 2.9 Conjurations
 + Level 1.9 Hexes
 + Level 1.9 Summonings
 + Level 1.9 Necromancy
 + Level 1.9 Translocations
 + Level 1.9 Transmutations
 + Level 5.8 Fire Magic
 + Level 1.9 Ice Magic
 + Level 1.9 Air Magic
 + Level 1.9 Earth Magic
 + Level 1.9 Poison Magic
 + Level 2.6 Invocations
 + Level 2.3 Evocations


You had 13 spell levels left.
You knew the following spells:

 Your Spells              Type           Power      Damage    Failure   Level
a - Foxfire               Conj/Fire      68%        2x1d7     95%         1

Your spell library contained the following spells:

 Spells                   Type           Power      Damage    Failure   Level
 Conjure Flame            Conj/Fire      17%        6-21      100%        3
 Inner Flame              Hex/Fire       15%        N/A       100%        3
 Sticky Flame             Conj/Fire      17%        2d4       100%        4
 Fireball                 Conj/Fire      8%         3d6       100%        5


Dungeon Overview and Level Annotations

Branches:
Dungeon (1/1)

Altars:
Ashenzari
Cheibriados
Dithmenos
Elyvilon
Fedhas
Gozag
Hepliaklqana
Kikubaaqudgha
Makhleb
Nemelex Xobeh
Okawaru
Qazlal
Ru
Sif Muna
Trog
Uskayaw
Vehumet
Wu Jian
Xom
Yredelemnul
Zin
The Shining One
Beogh
Jiyva
Lugonu

Annotations:
D 1 transporter


Innate Abilities, Weirdness & Mutations

You have very sharp teeth.
Your uncanny sense of smell can sniff out nearby items.
Your experience applies equally to all skills.


Message History

Your Crossbows skill gained 2 levels and is now at level 2!
Your Throwing skill gained 2 levels and is now at level 2!
Your Armour skill gained 2 levels and is now at level 2!
Your Dodging skill increases to level 5!
Your Shields skill gained 2 levels and is now at level 2!
Your Unarmed Combat skill gained 2 levels and is now at level 2!
Your Spellcasting skill increases to level 5!
Your Hexes skill increases to level 1!
Your Summonings skill increases to level 1!
Your Necromancy skill increases to level 1!
Your Translocations skill increases to level 1!
Your Transmutations skill increases to level 1!
Your Ice Magic skill increases to level 1!
Your Air Magic skill increases to level 1!
Your Earth Magic skill increases to level 1!
Your Poison Magic skill increases to level 1!
Your Invocations skill gained 2 levels and is now at level 2!
Your Evocations skill gained 2 levels and is now at level 2!
You have reached level 2!
You have reached level 3!
Your experience leads to an increase in your attributes!
Your base attributes are Str 7, Int 14, Dex 12.
Increase (S)trength, (I)ntelligence, or (D)exterity?
You feel clever.
You have reached level 4!
You feel agile.
The web tears apart.
You block the jumping spider's attack.
GONNNNG!
You block the jumping spider's attack.
SHROANNG!
Unknown command.
You slash the jumping spider!
You kill the jumping spider!
Okawaru is honoured by your kill. The jumping spider pounces on you!
* * * LOW HITPOINT WARNING * * *
You are caught in a web!
The jumping spider bites you but does no damage.
The jumping spider pounces on you!
You die...

▓▓▓▓▓▓▓▓▓▓▓▓▓
▓.8©8.▓.8©8.▓
∆∆∆
▓.))[.▓.....▓
∆
▓.....▓.[.).▓
▓.....▓.....▓
▓..s†.▓.....▓
▓..@..▓..©..▓
▓..©..▓▓▓▓▓▓▓
▓▓▓▓▓▓▓ ∆∆∆
∆∆∆ ∆ ∆ ∆


You could see a jumping spider.

Vanquished Creatures
  A jumping spider (D)
  A scorpion (D)
  2 endoplasms (D)
4 creatures vanquished.

Notes
Turn   | Place    | Note
-------+----------+-------------------------------------------
     0 | D        | howech the Gnoll Fire Elementalist began the quest for the
                  | Orb.
     0 | D        | Reached XP level 1. HP: 13/13 MP: 6/6
    12 | D        | Found a blossoming altar of Fedhas.
    13 | D        | Found the +6 Majin-Bo {vamp, MP+6 Int+6}
    13 | D        | Found the +9 heavy crossbow "Sniper" {vorpal, Acc+∞ SInv}
    13 | D        | Found the +10 dark maul {vorpal}
    13 | D        | Found the +15 Maxwell's patent armour {-Cast -Tele rElec
                  | Will+ rCorr}
    13 | D        | Found the +18 shield of the Gong {rElec rN+ Will+ EV-5}
    13 | D        | Found the +14 obsidian axe {vorpal, *Drain +Fly SInv}
    13 | D        | Found the +7 great mace "Firestarter" {inner flame, rF++}
    13 | D        | Found the +6 shillelagh "Devastator" {shatter}
    13 | D        | Found the +11 plutonium sword {*Contam Stlth-}
    13 | D        | Found the +8 lance "Wyrmbane" {slay drac, rPois rF+ rC+
                  | AC+3}
    13 | D        | Found the +9 sword of Zonguldrok {reap}
    13 | D        | Found the +13 scythe of Curses {drain, *Drain}
    13 | D        | Found the +5 sword of Power {vorpal}
    13 | D        | Found the +7 mace of Variability {chain chaos}
    13 | D        | Found the +7 Singing Sword {vorpal, sonic wave}
    13 | D        | Found the +8 storm bow {elec, penet}
    14 | D        | Found a shimmering blue altar of Sif Muna.
    14 | D        | Found a sacrificial altar of Ru.
    14 | D        | Found a bloodstained altar of Trog.
    14 | D        | Found a stormy altar of Qazlal.
    14 | D        | Found an iron altar of Okawaru.
    14 | D        | Found a sparkling altar of Nemelex Xobeh.
    16 | D        | Found a transporter.
    16 | D        | Found an ancient bone altar of Kikubaaqudgha.
    16 | D        | Found a viscous altar of Jiyva.
    16 | D        | Found a corrupted altar of Lugonu.
    16 | D        | Found a hazy altar of Hepliaklqana.
    16 | D        | Found a burning altar of Makhleb.
    16 | D        | Found an opulent altar of Gozag.
    46 | D        | Became a worshipper of Warmaster Okawaru
    58 | D        | Entered arena 2.
    58 | D        | Found a transporter.
   157 | D        | Entered arena 3.
   157 | D        | Noticed a jumping spider
   157 | D        | Noticed a jumping spider
   157 | D        | Noticed a scorpion
   157 | D        | Found a transporter.
   160 | D        | Killed a scorpion
   160 | D        | Reached * piety under Okawaru
   161 | D        | Reached skill level 5 in Dodging
   161 | D        | Reached skill level 5 in Spellcasting
   161 | D        | Reached skill level 1 in Hexes
   161 | D        | Reached skill level 1 in Summonings
   161 | D        | Reached skill level 1 in Necromancy
   161 | D        | Reached skill level 1 in Translocations
   161 | D        | Reached skill level 1 in Transmutations
   161 | D        | Reached skill level 1 in Ice Magic
   161 | D        | Reached skill level 1 in Air Magic
   161 | D        | Reached skill level 1 in Earth Magic
   161 | D        | Reached skill level 1 in Poison Magic
   161 | D        | Reached XP level 2. HP: 11/23 MP: 6/8
   161 | D        | Reached XP level 3. HP: 14/28 MP: 7/10
   161 | D        | Reached XP level 4. HP: 17/34 MP: 7/11
   162 | D        | Killed a jumping spider
   162 | D        | Reached ** piety under Okawaru
   162 | D        | Slain by a jumping spider

Illustrated notes

Levels and vault maps discovered:
D:        sprint_v [room_start, room_1, room_2, room_3, room_4, room_5, room_6,
          room_7, room_8, room_9, room_10, room_11, room_12, room_13, room_14,
          room_15, room_16, room_17, room_18, room_19, room_20, room_21,
          room_22, room_23, room_24, room_25, room_26, room_27]

Skill      XL: |  1 |
---------------+----+-----
Conjurations   | 2 |  2.9
Fighting       | 2 |  2.3
Short Blades   | 2 |  2.3
Long Blades    | 2 |  2.3
Axes           | 2 |  2.3
Maces & Flails | 2 |  2.3
Polearms       | 2 |  2.3
Staves         | 2 |  2.3
Slings         | 2 |  2.3
Bows           | 2 |  2.3
Crossbows      | 2 |  2.3
Throwing       | 2 |  2.3
Armour         | 2 |  2.3
Dodging        | 5 |  5.2
Shields        | 2 |  2.3
Unarmed Combat | 2 |  2.3
Spellcasting   | 5 |  5.5
Hexes          | 1 |  1.9
Summonings     | 1 |  1.9
Necromancy     | 1 |  1.9
Translocations | 1 |  1.9
Transmutations | 1 |  1.9
Ice Magic      | 1 |  1.9
Air Magic      | 1 |  1.9
Earth Magic    | 1 |  1.9
Poison Magic   | 1 |  1.9
Invocations    | 2 |  2.6
Evocations     | 2 |  2.3
Stealth        | |  4.8
Fire Magic     | |  5.8

Action                   |  1- 3 |  4- 6 || total
-------------------------+-------+-------++-------
Melee: Double sword      |     4 |     1 ||     5
  Use: Potion            |     1 |       ||     1
Armor: Fire dragon scale |     4 |     1 ||     5
Dodge: Dodged            |     1 |       ||     1
Block: Kite shield       |    10 |     2 ||    12

Table legend: (Time is in decaauts)
 A = Elapsed time spent in this place.
 B = Non-inter-level travel time spent in this place.
 C = Inter-level travel time spent in this place.
 D = Time resting spent in this place.
 E = Time spent auto-exploring this place.
 F = Levels seen in this place.
 G = Mean time per level.
                   A        B        C        D        E       F      G
               +--------+--------+--------+--------+--------+-----+--------+
         Total |    163 |    163 |      0 |     89 |      0 |   1 |  163.0 |
       Dungeon |    163 |    163 |      0 |     89 |      0 |   1 |  163.0 |
               +--------+--------+--------+--------+--------+-----+--------+

Top non-repeatable levels by time:
       D: 163 daAuts
